AoeStats
← claudio_miranda_94

Golden Pit

510213692Analyzed
1v1 RM · 1d ago on Sep 30, 2026· 39m 31s· 2 players
Game mode
Random Map
Map size
Tiny (2 player)
Population
200
Speed
Normal
Resources
Standard
Victory
Conquest
Starting age
Dark Age
Ending age
Imperial Age
RankedLock teamsTeams togetherTeam positionsShared explorationLock speedFull tech treeHidden civsTurbo modeCheats
Victory
Defeat
🇪🇸 Huns · Spain
820
+16
🇨🇱 Sicilians · Chile
822
-16
LucaNotDead
11:14 Feudal Age
12:27 Double-Bit Axe
13:28 Horse Collar
16:32 Bloodlines
21:01 Scale Barding Armor
24:23 Castle Age
23:03 Forging
23:28 Loom
25:45 Iron Casting
25:30 Chain Barding Armor
25:15 Husbandry
24:38 Light Cavalry
26:23 Bow Saw
28:05 Gold Mining
28:08 Stone Mining
29:37 Fletching
31:54 Padded Archer Armor
37:34 Imperial Age
36:54 Ballistics
37:37 Heavy Cavalry Archer
38:42 Parthian Tactics
39:29 Heavy Plow
claudio_miranda_94
8:17 Loom
10:29 Feudal Age
26:32 Castle Age
26:59 Double-Bit Axe
26:46 Pikeman
29:11 Horse Collar
29:42 Bow Saw
29:25 Stone Mining
29:25 Gold Mining
33:23 Gold Shaft Mining
33:23 Stone Shaft Mining
33:02 Heavy Plow
37:22 Imperial Age
35:39 Squires
Connection lost

Rejoining the realm…

Still unreachable

The connection could not be restored.

Session expired

The server has moved on; the page needs a fresh start.